[Event "Team 45 45 League T87"]
[Site "Internet Chess Club"]
[Date "2021.01.09"]
[Round "1"]
[White "Kingfisher75"]
[Black "ascoli"]
[Result "0-1"]
[WhiteElo "1529"]
[BlackElo "1713"]
[Opening "French: Tarrasch, open variation"]
[ECO "C07"]
[Time "12:01:48"]
[TimeControl "2700+45"]

1. e4 e6 2. d4 d5 3. Nd2 c5 4. exd5 Qxd5 5. dxc5 Bxc5 6. Ngf3 Nf6 7. Bc4 Qd8 8.
O-O O-O 9. Qe2 Nc6 10. Nb3 Be7 11. Rd1 Qc7 12. c3 b6 13. Bg5 Bb7 14. Bd3 Rad8
15. Nbd4 Nxd4 16. Nxd4 Rd5 17. Bxf6 Bxf6 18. Nf3 Rh5 19. Be4 Bxe4 20. Qxe4 Rb5
21. Qe2 a6 22. Nd4 Qe5 23. Qxe5 Rxe5 24. Kf1 Rc8 25. Nf3 Rb5 26. Rd2 g6 27. Nd4
Bxd4 28. Rxd4 Rxb2 29. Rb4 Rxb4 30. cxb4 Rc4 31. a3 Rc3 32. Ke2 Rb3 33. Ra2 a5
34. bxa5 bxa5 35. a4 Rb4 36. g3 Kg7 37. f4 Kf6 38. Kf3 g5 39. fxg5+ Kxg5 40. h4+
Kf5 41. Ra3 h5 42. Rc3 Rxa4 43. Rc5+ Kg6 44. Rg5+ Kh6 45. Rg8 Ra1 46. Rh8+ Kg6
47. Rg8+ Kh7 48. Rg5 Kh6 49. Rg8 a4 50. Rh8+ Kg6 51. g4 hxg4+ 52. Kxg4 a3 53.
Ra8 a2 54. h5+ Kh7 {White resigns} 0-1

[Event "Team 45 45 League T87"]
[Site "Internet Chess Club"]
[Date "2021.01.11"]
[Round "1"]
[White "cityprosecutor"]
[Black "fireball"]
[Result "1/2-1/2"]
[WhiteElo "1650"]
[BlackElo "1495"]
[Opening "French: King's Indian attack"]
[ECO "C00"]
[Time "16:04:10"]
[TimeControl "2700+45"]

1. e4 e6 2. d3 d5 3. Nd2 c5 4. g3 Nc6 5. Bg2 d4 6. f4 Nge7 7. Ngf3 g6 8. O-O Bg7
9. Nc4 b5 10. Nce5 Nxe5 11. Nxe5 Bxe5 12. fxe5 Nc6 13. Bh6 Rg8 14. Qd2 Nxe5 15.
Qf4 f6 16. Bg5 fxg5 17. Qxe5 Qe7 18. Rf6 Rf8 19. Rxf8+ Qxf8 20. Qxg5 Qe7 21. Qe5
Bb7 22. Bh3 Kd7 23. Rf1 Re8 24. Rf6 Qd6 25. Rf7+ Re7 26. Rxe7+ Qxe7 27. Qb8 Kc6
28. Qe5 Bc8 {Game drawn by mutual agreement} 1/2-1/2